AoeStats
← The Crusader

Arabia

510580939Analyzed
1v1 RM · 15h ago on Oct 1, 2026· 18m 25s· 2 players
Game mode
Random Map
Map size
Tiny (2 player)
Population
200
Speed
Normal
Resources
Standard
Victory
Conquest
Starting age
Dark Age
Ending age
Imperial Age
RankedLock teamsTeams togetherTeam positionsShared explorationLock speedFull tech treeHidden civsTurbo modeCheats
Victory
Defeat
🇩🇪 Bengalis · Germany
1909
+8
🇺🇸 Berbers · United States
1729
-8
_Riley_
6:06 Loom
8:54 Feudal Age
9:45 Double-Bit Axe
16:07 Fletching
The Crusader
5:56 Loom
8:45 Feudal Age
9:37 Double-Bit Axe
11:11 Horse Collar
Connection lost

Rejoining the realm…

Still unreachable

The connection could not be restored.

Session expired

The server has moved on; the page needs a fresh start.